 Dungeon Crawl Stone Soup version 0.25-a0-177-gd145f35b4e (webtiles) character file.

Game seed: 14583528703013359719, levelgen mode: deterministic

49 Jindul the Sneak (level 3, 0/27 HPs)
             Began as a Demonspawn Assassin on Nov 26, 2019.
             Slain by Terence
             ... wielding a +1 short sword of venom
              (4 damage)
             ... on level 2 of the Dungeon.
             The game lasted 00:05:23 (1278 turns).

Jindul the Sneak (Demonspawn Assassin)              Turns: 1278, Time: 00:05:28

Health: 0/27       AC:  3    Str: 11    XL:     3   Next: 51%
Magic:  3/3        EV: 12    Int: 12    God:
Gold:   48         SH:  0    Dex: 15    Spells: 2/2 levels left

rFire    + . .     SeeInvis .   a - +2 dagger
rCold    . . .     Gourm    .   (no shield)
rNeg     . . .     Faith    .   b - +0 robe
rPois    .         Spirit   .   (no helmet)
rElec    .         Reflect  .   c - +0 cloak
rCorr    .         Harm     .   (no gloves)
MR       .....                  (no boots)
Stlth    +.........             (no amulet)
HPRegen  0.09/turn              (no ring)
MPRegen  0.08/turn              (no ring)

@: confused, lethally poisoned (0 -> -18), flying
A: fire resistance 1, flame cloud immunity
a: no special abilities


You were on level 2 of the Dungeon.
You were not hungry.

You visited 1 branch of the dungeon, and saw 2 of its levels.

You collected 48 gold pieces.

Inventory:

Hand Weapons
 a - a +2 dagger (weapon)
 p - a +0 dagger
Missiles
 d - 8 poisoned darts (quivered)
 e - 2 curare-tipped darts
Armour
 b - a +0 robe (worn)
 c - a +0 cloak (worn)
Scrolls
 g - 2 scrolls of immolation {unknown}
 i - 3 scrolls of identify {unknown}
 j - 2 scrolls of remove curse {unknown}
 n - 2 scrolls of random uselessness {unknown}
 o - a scroll of noise {unknown}
Potions
 h - a potion of curing {unknown}
 m - a potion of lignification {unknown}
Comestibles
 f - 4 rations


   Skills:
 + Level 2.2 Fighting
 + Level 2.2 Short Blades
 + Level 2.0 Throwing
 + Level 1.2 Dodging
 + Level 4.3 Stealth


You had 2 spell levels left.
You didn't know any spells.
Your spell library was empty.

Dungeon Overview and Level Annotations

Branches:
Dungeon (2/15)

Altars:

Annotations:
D:2 Terence


Innate Abilities, Weirdness & Mutations

Your flesh is heat resistant. (rF+)
You are immune to clouds of flame.


Message History

You closely miss Terence.
Terence is moderately wounded.
You feel sick.
Terence hits you with a +1 short sword of venom!
You are more poisoned.
The hobgoblin hits you with a +0 club.
* * * LOW HITPOINT WARNING * * *
You hit Terence but do no damage.
Terence is moderately wounded.
* * * LOW HITPOINT WARNING * * *
You feel sick. Terence completely misses you.
* * * LOW HITPOINT WARNING * * *
You feel sick.
It was a potion of ambrosia.
You are confused.
You feel invigorated.
* * * LOW HITPOINT WARNING * * *
You feel sick. The hobgoblin barely misses you.
Terence hits you with a +1 short sword of venom.
You die...

####.....
#........
#........
.........
#........
#........
###........
###.@g.......
####...#@.......
###.[.†###........
##...####
#......). #..###
###.#.$.# # #...#
###...#..## #.
###)# #.... ## .#
#..#####.###..# #
#....##...†.#


You could see Terence and a hobgoblin.

Vanquished Creatures
  A worm (D:2)
  4 dart slugs (D:1)
  A leopard gecko (D:1)
  A giant cockroach (D:1)
  5 goblins (D:1)
  5 hobgoblins
  2 ball pythons (D:1)
  8 bats (D:1)
  4 frilled lizards (D:1)
  2 kobolds
  5 rats
38 creatures vanquished.

Notes
Turn   | Place    | Note
-------+----------+-------------------------------------------
     0 | D:1      | Jindul the Demonspawn Assassin began the quest for the Orb.
     0 | D:1      | Reached XP level 1. HP: 16/16 MP: 1/1
   245 | D:1      | Gained mutation: Your flesh is heat resistant. (rF+)
                  | [demonic ancestry]
   245 | D:1      | Reached XP level 2. HP: 22/22 MP: 2/2
   264 | D:1      | Reached skill level 1 in Dodging
   271 | D:1      | Reached skill level 4 in Stealth
   812 | D:1      | Gained mutation: You are immune to clouds of flame.
                  | [demonic ancestry]
   812 | D:1      | Reached XP level 3. HP: 27/27 MP: 3/3
  1241 | D:2      | Noticed Terence
  1278 | D:2      | Slain by Terence

Levels and vault maps discovered:
D:1:      evilmike_arrival_crescent, layout_rooms, minmay_cupped
D:2:      layout_rooms, gammafunk_temple_of_torment, chequers_arboretum,
          uniq_terence, uniq_natasha

Skill      XL: |  1  2 |
---------------+-------+-----
Dodging        | 1 |  1.2
Stealth        | 4 |  4.3
Short Blades   | 2 |  2.2
Throwing       | 2 |  2.0
Fighting       | |  2.2

Action                   || total
-------------------------++-------
Melee: Dagger            ||   131
  Use: Potion            ||     2
 Stab: Sleeping          ||     4
  Eat: Chunk             ||     1
Armor: Robe              ||    30
Dodge: Dodged            ||   124

Table legend:
 A = Non-vault XP
 B = Vault XP
 C = Vault XP percentage of total XP
 D = Non-vault monster count
 E = Vault monster count
 F = Vault count percentage of total count
                 A         B        C        D         E       F
            +---------+---------+-------+---------+---------+-------
      Total |      62 |       8 |  11.4 |      35 |       3 |   7.9
            +---------+---------+-------+---------+---------+-------
        D:1 |      53 |       8 |  13.1 |      31 |       3 |   8.8
        D:2 |       9 |       0 |   0.0 |       4 |       0 |   0.0
            +---------+---------+-------+---------+---------+-------
